Map: Ascension vers Aïur EC

Players

ADIBOU

  • Race: Zerg Zerg
  • League: Master
  • Spawn Location: 5:00

Naffy - Winner!

  • Race: Terran Terran
  • League: Grandmaster
  • Spawn Location: 11:00

VOD

Have the link to the VOD?

Description

Time

  • Played on: May 21, 2017, 7:08 a.m.
  • Length: 19:12
Show
View Real Time Build Order
Export as new Build Order

ADIBOU Zerg 

Build Orders: Hatch First, Zergling Baneling 

Get SALT Encoding   

  12  0:01  Drone  
  13  0:12  Overlord  
  13  0:17  Drone  
  14  0:30  Drone x2  
  14  0:34  Drone  
  17  0:51  Hatchery  
  17  0:55  Drone  
  17  0:58  Extractor  
  17  1:00  Drone  
  17  1:16  Spawning Pool  
  17  1:17  Drone  
  17  1:21  Drone  
  18  1:28  Drone  
  19  1:38  Overlord  
  19  2:02  Metabolic Boost  
  19  2:03  Queen  
  19  2:04  Zergling x4  
  19  2:06  Queen  
  25  2:11  Drone  
  25  2:14  Drone  
  27  2:16  Drone  
  28  2:23  Drone  
  28  2:28  Overlord  
  28  2:39  Drone  
  28  2:40  Drone  
  30  2:44  Queen  
  30  2:49  Drone  
  30  2:50  Drone  
  34  2:57  Drone x2  
  36  3:07  Hatchery  
  36  3:11  Drone x2  
  37  3:16  Queen  
  39  3:20  Overlord  
  39  3:34  Overlord  
  39  3:36  Drone x4  
  39  3:39  Baneling Nest  
  39  3:40  Drone  
  43  3:46  Spore Crawler  
  43  3:48  Zergling x6  
  45  3:50  Spore Crawler  
  44  3:56  Queen  
  46  4:03  Queen  
  48  4:10  Zergling x4  
  48  4:11  Zergling x6  
  48  4:14  Overlord  
  53  4:21  Extractor  
  50  4:26  Baneling x4  
  50  4:28  Baneling  
  50  4:29  Overlord  
  50  4:30  Zergling x4  
  50  4:31  Zergling x4  
  54  4:40  Spore Crawler  
  54  4:44  Zergling x2  
  54  4:45  Zergling x4, Drone  
  57  4:47  Drone  
  57  4:50  Spore Crawler  
  57  4:58  Baneling x2  
  57  4:59  Baneling  
  51  5:20  Drone x2  
  51  5:21  Drone x2  
  50  5:26  Drone x2  
  50  5:27  Drone x3  
  50  5:28  Extractor  
  54  5:32  Lair  
  54  5:37  Queen  
  54  5:39  Drone x2  
  54  5:40  Drone  
  59  5:50  Drone x2  
  59  5:51  Drone x6  
  59  5:55  Extractor  
  59  5:56  Evolution Chamber  
  65  5:57  Evolution Chamber  
  65  6:01  Drone  
  65  6:02  Drone x4  
  65  6:03  Drone  
  70  6:25  Overlord x2  
  69  6:27  Overlord x3, Drone x2  
  71  6:33  Hydralisk Den  
  71  6:34  Zerg Missile Weapons Level 1, Zerg Ground Armor Level 1  
  71  6:37  Infestation Pit  
  69  6:41  Drone  
  69  6:42  Drone x2  
  69  6:43  Drone  
  69  6:44  Drone  
  74  6:49  Overseer  
  74  6:53  Drone x4  
  74  6:54  Drone x2  
  80  6:56  Drone x2  
  82  7:10  Muscular Augments  
  81  7:16  Drone x3, Extractor  
  81  7:17  Drone  
  81  7:18  Extractor  
  83  7:31  Overlord x3  
  83  7:32  Hydralisk  
  83  7:33  Hydralisk x3  
  91  7:39  Hive  
  90  7:56  Overlord x2  
  90  7:57  Overlord, Hydralisk x6  
  90  7:58  Hydralisk x2  
  106  8:18  Hatchery  
  105  8:28  Hydralisk x7  
  119  8:52  Hydralisk x2  
  119  8:53  Hydralisk x7  
  134  8:57  Overseer  
  134  9:02  Drone x3  
  137  9:04  Drone x4  
  141  9:14  Zerg Missile Weapons Level 2  
  132  9:24  Drone x3  
  132  9:25  Drone x7  
  140  9:31  Zerg Ground Armor Level 2  
  140  9:40  Overlord  
  140  9:41  Overlord x2, Viper  
  140  9:42  Drone x4  
  140  9:43  Queen, Drone x2  
  140  9:45  Extractor  
  150  9:46  Extractor  
  149  9:53  Overlord x2, Viper  
  149  9:59  Spine Crawler  
  151  10:00  Spine Crawler x2  
  151  10:02  Spore Crawler  
  148  10:15  Hydralisk  
  148  10:16  Hydralisk x7  
  164  10:26  Viper  
  167  10:37  Hydralisk x5  
  167  10:38  Spine Crawler  
  167  10:39  Spine Crawler  
  167  10:42  Hydralisk x2  
  179  10:55  Hydralisk x2  
  179  10:56  Hydralisk x2  
  187  10:57  Viper  
  177  11:19  Hydralisk  
  177  11:20  Hydralisk x8  
  181  11:35  Viper  
  181  12:18  Hydralisk x7  
  181  12:19  Hydralisk x2  
  152  12:42  Hydralisk x4  
  145  12:44  Viper x3  
  148  13:07  Hydralisk x2  
  148  13:08  Hydralisk, Hatchery  
  148  13:11  Overseer x3  
  153  13:17  Hatchery  
  152  13:32  Zerg Missile Weapons Level 3  
  152  13:58  Hydralisk x3  
  152  13:59  Hydralisk x3  
  152  14:00  Zerg Ground Armor Level 3  
  152  14:01  Hydralisk x3  
  152  14:02  Hydralisk  
  172  14:04  Extractor  
  172  14:05  Drone  
  172  14:06  Drone x4  
  172  14:07  Extractor  
  152  14:44  Hydralisk  
  152  14:45  Hydralisk x7  
  160  14:46  Hydralisk  
  155  15:07  Hydralisk  
  155  15:08  Hydralisk x4  
  159  15:20  Hydralisk x2  
  84  15:31  Hydralisk x2  
  84  15:32  Hydralisk  
  77  15:53  Drone x2  
  77  15:54  Drone x5  
  84  16:17  Extractor x2  
  84  16:18  Hydralisk x4  
  86  16:39  Hydralisk  
  86  16:55  Viper x3  
  86  16:56  Viper, Hatchery  
  86  16:59  Hydralisk  
  99  17:04  Hydralisk  
  101  17:13  Hydralisk x2  
  99  17:42  Hydralisk x5  
  99  17:43  Hydralisk  
  111  17:48  Hydralisk  
  113  17:52  Hydralisk  
  115  18:00  Hydralisk  
  117  18:06  Hydralisk  
  79  18:42  Hydralisk x2  
Show
View Real Time Build Order
Export as new Build Order

Naffy Terran - Winner!

Build Orders: Reaper Expand, Hellion Banshee, Mech 

Get SALT Encoding   

  12  0:01  SCV  
  13  0:13  SCV  
  14  0:17  Supply Depot  
  14  0:25  SCV  
  15  0:29  Refinery  
  15  0:39  SCV  
  16  0:44  Barracks  
  16  0:51  SCV  
  17  1:03  SCV  
  18  1:15  SCV  
  19  1:31  Orbital Command  
  19  1:32  Reaper  
  20  1:42  Command Center  
  20  1:54  Factory  
  20  1:57  SCV  
  21  2:01  Refinery  
  21  2:06  Barracks Reactor  
  21  2:10  SCV  
  21  2:13  Supply Depot  
  22  2:22  SCV  
  23  2:35  SCV  
  24  2:45  Starport  
  24  2:47  SCV  
  25  2:51  Barracks Tech Lab  
  25  2:52  Hellion x2  
  25  2:56  Orbital Command  
  29  3:01  SCV  
  30  3:16  SCV  
  30  3:19  Hellion x2  
  35  3:24  Supply Depot  
  35  3:25  SCV  
  36  3:28  SCV  
  37  3:34  Cloaking Field  
  37  3:35  Banshee  
  37  3:40  SCV  
  37  3:41  SCV  
  42  3:48  Hellion x2  
  46  3:51  Supply Depot  
  46  3:56  SCV x2  
  46  4:00  Armory  
  48  4:08  SCV x2  
  50  4:11  Hellion x2  
  54  4:17  Supply Depot  
  54  4:24  Banshee, SCV x2  
  59  4:40  Command Center  
  59  4:41  SCV x2  
  59  4:45  Widow Mine x2  
  61  4:49  Supply Depot  
  65  4:55  SCV  
  65  4:56  SCV  
  63  5:08  SCV  
  63  5:12  SCV  
  61  5:16  Banshee, Hellion x2  
  61  5:20  SCV  
  62  5:24  SCV  
  62  5:27  Refinery  
  63  5:29  Refinery  
  63  5:32  SCV  
  64  5:36  SCV  
  64  5:39  Hellion x2  
  64  5:42  Armory  
  69  5:44  Factory, SCV  
  69  5:45  Factory  
  69  5:48  SCV  
  69  5:52  Orbital Command  
  69  5:56  SCV  
  70  5:58  Engineering Bay  
  70  6:00  SCV  
  70  6:03  Hellion x2  
  70  6:04  Marine  
  76  6:08  SCV  
  76  6:10  Starport Reactor  
  77  6:13  SCV  
  78  6:19  Orbital Command  
  78  6:20  SCV  
  78  6:24  Supply Depot  
  79  6:26  SCV  
  79  6:31  Factory Tech Lab  
  80  6:33  SCV  
  80  6:38  Thor  
  87  6:50  SCV x3  
  87  6:51  Siege Tank, Hellion  
  87  6:52  Hellion  
  87  6:53  Infernal Pre-Igniter, Terran Vehicle Weapons Level 1  
  97  6:56  Supply Depot  
  97  7:02  Supply Depot  
  97  7:08  Missile Turret  
  97  7:09  SCV x2  
  97  7:10  SCV, Refinery  
  97  7:12  Missile Turret  
  97  7:14  Refinery  
  100  7:19  Missile Turret  
  100  7:22  SCV  
  101  7:28  SCV  
  101  7:29  SCV  
  103  7:31  Supply Depot x2  
  103  7:34  SCV  
  103  7:36  Terran Vehicle And Ship Armor Level 1  
  104  7:37  Factory x2  
  104  7:40  Starport Reactor  
  104  7:50  SCV x3  
  107  7:54  Siege Tank x2  
  107  7:55  Hellion x2  
  117  8:05  Command Center  
  117  8:06  SCV x2  
  117  8:07  SCV  
  117  8:10  Command Center  
  118  8:30  Factory Tech Lab, Siege Tank x2  
  118  8:32  Hellbat x4  
  132  8:36  Supply Depot  
  132  8:37  Supply Depot  
  132  8:42  Viking x2  
  136  8:56  Siege Tank  
  136  8:58  Hellbat x4  
  136  9:00  Terran Vehicle Weapons Level 2  
  136  9:01  Supply Depot  
  136  9:02  Supply Depot, Siege Tank x2  
  141  9:27  Hellbat x4, Viking x2  
  141  9:29  Siege Tank  
  141  9:30  Planetary Fortress  
  152  9:34  Siege Tank, Thor  
  161  9:45  Terran Vehicle And Ship Armor Level 2, Command Center  
  161  9:48  Supply Depot  
  161  9:49  Supply Depot  
  161  9:55  Missile Turret  
  161  10:02  Sensor Tower  
  161  10:05  Siege Tank  
  161  10:06  Siege Tank  
  161  10:07  Hellbat  
  169  10:08  Hellbat, Refinery  
  169  10:09  Missile Turret x2  
  169  10:11  Refinery  
  171  10:16  Planetary Fortress  
  171  10:24  Sensor Tower  
  171  10:26  Viking x2  
  177  10:28  Hellbat  
  177  10:29  Hellbat x2  
  181  10:47  Command Center  
  181  10:56  Siege Tank x2, Thor  
  193  10:57  Hellbat x2  
  179  11:25  Hellbat, Hellion x2  
  181  11:26  Viking x2  
  181  11:28  Siege Tank x2  
  177  11:39  Thor  
  181  11:42  Terran Vehicle Weapons Level 3  
  179  11:53  Hellbat, Hellion x2  
  185  11:56  Viking x2  
  185  12:00  Siege Tank x2  
  195  12:01  Terran Ship Weapons Level 1, Planetary Fortress  
  195  12:04  Missile Turret  
  195  12:21  Refinery  
  195  12:22  Refinery  
  159  12:37  Siege Tank x2, Thor  
  159  12:38  Hellbat x4  
  159  12:39  Hellion x8  
  168  12:46  Planetary Fortress  
  159  12:59  Hellbat  
  161  13:09  Siege Tank x2  
  161  13:12  Hellion x3  
  169  13:20  Siege Tank  
  169  13:22  SCV x3  
  169  13:23  Liberator x2, SCV  
  176  13:34  Hellion x3  
  176  13:37  Refinery x2  
  176  13:40  Missile Turret  
  183  13:41  Siege Tank x2  
  183  13:43  Hellion  
  183  13:44  Hellion  
  190  13:49  Starport  
  190  13:51  Starport x2, Fusion Core  
  190  13:52  Starport  
  190  14:11  Sensor Tower  
  190  14:18  Siege Tank  
  190  14:19  Siege Tank x2  
  190  14:21  Liberator x2  
  193  14:38  Starport Tech Lab  
  193  14:39  Starport Tech Lab x2  
  195  15:01  Siege Tank  
  195  15:02  Hellion  
  195  15:05  Command Center  
  143  15:28  Siege Tank x2  
  143  15:29  Hellion  
  143  15:30  Raven x3, Hellion x3  
  143  15:32  Thor, Viking x2  
  155  15:37  Weapon Refit  
  152  15:45  Starport Tech Lab  
  152  15:51  Hellion  
  154  15:59  SCV x5  
  154  16:00  SCV  
  160  16:11  Missile Turret  
  160  16:16  Planetary Fortress  
  160  16:17  Sensor Tower  
  166  16:18  Battlecruiser x2  
  166  16:20  Battlecruiser  
  178  16:26  Hellion x8  
  178  16:34  Viking x2  
  178  16:35  Battlecruiser  
  186  16:54  Thor  
  186  16:55  Siege Tank x2  
  186  16:56  Hellbat  
  186  16:58  Corvid Reactor  
  196  17:36  Siege Tank, Thor  
  199  17:37  Hellbat  
  159  18:46  Hellbat  
  159  18:47  Hellbat x3  
Tags
 
Add a new tag
Caveats
  • Supply blocks, unpowered buildings, or Contaminate may cause inaccurate times.
  • Supply counts are checked every 10 seconds.